 Dungeon Sprint DCSS version 0.24-a0-170-gd8427f5 (webtiles) character file.

Game seed: 10849190839331452572

160 Dfrag the Fighter (level 8, -8/88 HPs)
             Began as a Demonspawn Berserker on Mar 10, 2019.
             Was a High Priest of Trog.
             Mangled by the 27-headed Lernaean hydra (11 damage)
             ... in the Dungeon (Sprint VI: "Thunderdome").
             The game lasted 00:04:01 (677 turns).

Dfrag the Fighter (Demonspawn Berserker)             Turns: 677, Time: 00:04:01

Health: -8/88      AC:  4    Str: 20      XL:     8   Next: 28%
Magic:  17/17      EV: 16    Int:  6      God:    Trog [*****.]
Gold:   60         SH:  0    Dex: 18 (19) Spells: 7/7 levels left

rFire    . . .     SeeInvis +   c - +2 spear (venom)
rCold    . . .     Gourm    .   (no shield)
rNeg     + . .     Faith    .   u - +0 troll leather armour
rPois    .         Spirit   .   (no helmet)
rElec    +         Reflect  .   (no cloak)
rCorr    .         Harm     .   (no gloves)
MR       .....     NoTele   +   (no boots)
Stlth    +++++.....             n - amulet "Vaagu" {Acrobat +Fly MR- Stlth+}
HPRegen  0.64/turn              q - ring of Borimi {rElec Dex+4 Slay-2 SInv Stlth+}
MPRegen  0.15/turn              p - ring "Uryd Dep" {rF- rN+ MP+9 Slay+3 Stlth+}

@: no status effects
A: thin skeletal structure 1, deterioration 1, dopey 1, fire resistance 1, low
mp 1, robust 2, spiny 1, flame cloud immunity
a: Berserk, Trog's Hand, Brothers in Arms, Renounce Religion, Evoke Flight


You were in the Dungeon.
You worshipped Trog.
Trog was extremely pleased with you.
You were hungry.

You visited 1 branch You collected 420 gold pieces.
You spent 360 gold pieces at shops.

Inventory:

Hand Weapons
 a - a +0 hand axe
 c - a +2 spear of venom (weapon)
 s - a +1 trident of venom
 t - a +1 spear of flaming
Armour
 b - a +0 animal skin
 u - a +0 troll leather armour (worn)
Jewellery
 n - the amulet "Vaagu" (around neck) {Acrobat +Fly MR- Stlth+}
   (You bought it in a shop in the Dungeon)

   [amulet of the acrobat]

   It helps you evade while moving and waiting.
   It affects your resistance to hostile enchantments.
   It lets you fly.
   It makes you more stealthy.
 o - the ring "Bisasab" {+Blink AC+2 Str-4 Int+2}
   (You bought it in a shop in the Dungeon)

   [ring of protection]

   It affects your AC (+2).
   It affects your strength (-4).
   It affects your intelligence (+2).
   It lets you blink.
 p - the ring "Uryd Dep" (right hand) {rF- rN+ MP+9 Slay+3 Stlth+}
   (You bought it in a shop in the Dungeon)

   [ring of magical power]

   It affects your accuracy and damage with ranged weapons and melee attacks
   (+3).
   It makes you vulnerable to fire.
   It protects you from negative energy.
   It affects your magic capacity (+9).
   It makes you more stealthy.
 q - the ring of Borimi (left hand) {rElec Dex+4 Slay-2 SInv Stlth+}
   (You bought it in a shop in the Dungeon)

   [ring of stealth]

   It affects your dexterity (+4).
   It affects your accuracy and damage with ranged weapons and melee attacks
   (-2).
   It insulates you from electricity.
   It lets you see invisible.
   It makes you more stealthy.
Wands
 j - a wand of acid (5)
 k - a wand of iceblast (1)
Scrolls
 i - 4 scrolls of blinking
 l - 3 scrolls of fog
Potions
 d - a potion of curing
 e - 3 potions of heal wounds
 f - 4 potions of haste
 g - 2 potions of magic
 h - a potion of berserk rage
 m - a potion of resistance
Comestibles
 r - a chunk of flesh


   Skills:
 + Level 10.7 Fighting
 + Level 9.4(10.4) Axes
 - Level 7.2(9.4) Polearms
 + Level 4.4 Armour
 - Level 6.5 Dodging
 - Level 1.1 Stealth
 - Level 1.6 Evocations


You had 7 spell levels left.
You didn't know any spells.
Your spell library was empty.

Dungeon Overview and Level Annotations

Branches:
Dungeon (1/1)

Altars:
Cheibriados
Dithmenos
Fedhas
Gozag
Kikubaaqudgha
Makhleb
Okawaru
Qazlal
Ru
Sif Muna
Trog
Uskayaw
Vehumet
Wu Jian
Xom
Yredelemnul
Zin
The Shining One
Beogh
Jiyva
Lugonu

Shops:
D *[%??*?*:[((!!!!

Annotations:
D Lernaean hydra


Innate Abilities, Weirdness & Mutations

You have a somewhat thin skeletal structure. (Dex +2, Stealth)
Your flesh is heat resistant. (rF+)
You are partially covered in sharp spines.
You are immune to clouds of flame.
Your body sometimes deteriorates upon taking damage.
You are dopey. (Int -2)
Your magical capacity is low. (-10% MP)
You are very robust. (+20% HP)


Message History

The 27-headed Lernaean hydra closely misses you.
The 27-headed Lernaean hydra bites you!
The 27-headed Lernaean hydra misses you.
The 27-headed Lernaean hydra bites you!
Your body deteriorates!
You feel clumsy. The 27-headed Lernaean hydra bites you!
The 27-headed Lernaean hydra bites you. The 27-headed Lernaean hydra bites you!
The 27-headed Lernaean hydra completely misses you.
The 27-headed Lernaean hydra closely misses you.
The 27-headed Lernaean hydra bites you. The 27-headed Lernaean hydra bites you!
* * * LOW HITPOINT WARNING * * *
The 27-headed Lernaean hydra misses you. x2
The 27-headed Lernaean hydra bites you.
* * * LOW HITPOINT WARNING * * *
The 27-headed Lernaean hydra bites you.
* * * LOW HITPOINT WARNING * * *
The 27-headed Lernaean hydra bites you.
* * * LOW HITPOINT WARNING * * *
The 27-headed Lernaean hydra bites you!
You die...

#_......._# #_......._#
###.........### #⌠.....).....⌠#
######.8......÷..8.######
##∩___.....[###).....___∩##
###∩........8.# #.8........∩###
#.............###.............##
⌠..........###..@###.....)....⌠#
§..........# #[DT# #.........[⌠#
⌠..........###...###..........⌠#
#.............###.............##
###∩........8.# #.8........∩###
##∩___......###......___∩##
######.8........÷8.######
#⌠..........[⌠# ###.........###


You could see the 27-headed Lernaean hydra and a friendly troll (berserk).

Vanquished Creatures
  5 neqoxecs (D)
  2 necrophages (D)
  A wolf (D)
  3 gnoll sergeants (D)
  A hound (D)
  2 gnoll shamans (D)
  5 gnolls (D)
  A bat zombie (D)
  A jackal zombie (D)
21 creatures vanquished.

Vanquished Creatures (collateral kills)
  A neqoxec (D)
1 creature vanquished.

Grand Total: 22 creatures vanquished

Notes
Turn   | Place    | Note
-------+----------+-------------------------------------------
     0 | D        | Dfrag the Demonspawn Berserker began the quest for the Orb.
     0 | D        | Reached XP level 1. HP: 18/18 MP: 1/1
     1 | D        | Found a radiant altar of Vehumet.
     1 | D        | Found an ornate altar of the Wu Jian Council.
     2 | D        | Found a blossoming altar of Fedhas.
     2 | D        | Found an iron altar of Okawaru.
     3 | D        | Found a viscous altar of Jiyva.
     3 | D        | Found an opulent altar of Gozag.
     4 | D        | Found Puemike's Delicious Food.
     4 | D        | Found a sacrificial altar of Ru.
     4 | D        | Found an ancient bone altar of Kikubaaqudgha.
     4 | D        | Found Pemas's Identification Station.
     5 | D        | Found Ceadoluo's Jewellery.
     5 | D        | Found Noetyxee's Advanced Armour.
     5 | D        | Round 1.
    13 | D        | Bought a crude steel amulet for 45 gold pieces
    13 | D        | Bought a smoking silver ring for 45 gold pieces
    13 | D        | Bought a brightly glowing amber ring for 45 gold pieces
    13 | D        | Identified the ring "Bisasab" {+Blink AC+2 Str-4 Int+2}
                  | (You bought it in a shop in the Dungeon)
    14 | D        | Identified the amulet "Vaagu" {Acrobat +Fly MR- Stlth+}
                  | (You bought it in a shop in the Dungeon)
    15 | D        | Identified the ring "Uryd Dep" {rF- rN+ MP+9 Slay+3 Stlth+}
                  | (You bought it in a shop in the Dungeon)
    16 | D        | Bought a warped bone ring for 45 gold pieces
    17 | D        | Identified the ring of Borimi {rElec Dex+4 Slay-2 SInv
                  | Stlth+} (You bought it in a shop in the Dungeon)
    29 | D        | Gained mutation: Your flesh is heat resistant. (rF+)
                  | [demonic ancestry]
    29 | D        | Reached XP level 2. HP: 7/25 MP: 2/2
    30 | D        | Found a glowing silver altar of Zin.
    31 | D        | Found a glowing golden altar of the Shining One.
    56 | D        | Noticed a gnoll sergeant
    76 | D        | HP: 1/25 [gnoll (2)]
    80 | D        | Reached skill level 4 in Fighting
    86 | D        | Killed a gnoll sergeant
    86 | D        | Reached ** piety under Trog
    86 | D        | Reached skill level 5 in Fighting
    86 | D        | Reached skill level 5 in Axes
    86 | D        | Reached XP level 3. HP: 17/34 MP: 3/3
    86 | D        | Reached XP level 4. HP: 20/40 MP: 4/4
    90 | D        | Reached skill level 6 in Fighting
   138 | D        | Found a shadowy altar of Dithmenos.
   138 | D        | Found a burning altar of Makhleb.
   139 | D        | Found a deep blue altar of Sif Muna.
   139 | D        | Found a stormy altar of Qazlal.
   140 | D        | Found a corrupted altar of Lugonu.
   142 | D        | Arena points: 12 (+12) [x2]
   196 | D        | Round 2.
   224 | D        | Noticed a necrophage
   232 | D        | Noticed a phantom
   242 | D        | Reached *** piety under Trog
   259 | D        | Noticed a necrophage
   268 | D        | Found Zuataquh's Magic Scroll Shop.
   269 | D        | Found Opnainis's Magic Scroll Shop.
   269 | D        | Found Ulirr's Must-Have Magic.
   270 | D        | Found Dafid's Staff Store.
   281 | D        | Killed a necrophage
   281 | D        | Reached skill level 7 in Fighting
   281 | D        | Gained mutation: You are partially covered in sharp spines.
                  | [demonic ancestry]
   281 | D        | Reached XP level 5. HP: 33/48 MP: 5/5
   285 | D        | Killed a necrophage
   285 | D        | Reached skill level 1 in Evocations
   285 | D        | Reached XP level 6. HP: 40/56 MP: 6/6
   301 | D        | Arena points: 22 (+10) [x1]
   311 | D        | Round 3.
   333 | D        | Noticed a neqoxec
   333 | D        | Noticed a neqoxec
   364 | D        | Gained mutation: Your body sometimes deteriorates upon
                  | taking damage. [a neqoxec]
   366 | D        | Killed a neqoxec
   366 | D        | Reached skill level 8 in Fighting
   366 | D        | Reached skill level 5 in Dodging
   376 | D        | Noticed a neqoxec
   377 | D        | Killed a neqoxec
   377 | D        | Reached **** piety under Trog
   377 | D        | Reached skill level 9 in Fighting
   377 | D        | Gained mutation: You have a somewhat thin skeletal
                  | structure. (Dex +2, Stealth) [demonic ancestry]
   377 | D        | Reached XP level 7. HP: 11/64 MP: 7/7
   388 | D        | Killed a neqoxec
   421 | D        | Noticed a neqoxec
   424 | D        | Noticed a neqoxec
   426 | D        | Noticed a neqoxec
   427 | D        | Gained mutation: You are dopey. (Int -2) [a neqoxec]
   429 | D        | Gained mutation: You are robust. (+10% HP) [a neqoxec]
   437 | D        | Killed a neqoxec
   437 | D        | Reached skill level 5 in Polearms
   442 | D        | Killed a neqoxec
   442 | D        | Reached skill level 10 in Fighting
   442 | D        | Gained mutation: Your magical capacity is low. (-10% MP) [a
                  | neqoxec]
   445 | D        | Gained mutation: You are very robust. (+20% HP) [a neqoxec]
   449 | D        | Killed a neqoxec
   449 | D        | Arena points: 64 (+42) [x2]
   483 | D        | Round 4.
   494 | D        | Found a hide-covered altar of Uskayaw.
   494 | D        | Found a basalt altar of Yredelemnul.
   510 | D        | Reached ***** piety under Trog
   517 | D        | Gained mutation: You are immune to clouds of flame.
                  | [demonic ancestry]
   517 | D        | Reached XP level 8. HP: 41/87 MP: 8/8
   545 | D        | Found a snail-covered altar of Cheibriados.
   546 | D        | Found a shimmering altar of Xom.
   547 | D        | Found Haown's Weapon Rack.
   547 | D        | Found Puvoam's Premium Goods.
   548 | D        | Found Viwk's Basic Armour.
   548 | D        | Found Taogh's Miscellaneous Merchandise.
   549 | D        | Found a bloodstained altar of Trog.
   583 | D        | Found Qawoox's Do-It-Yourself Clinic.
   590 | D        | Found Geozxan's Bottled Wisdom.
   590 | D        | Found Imosuk's Distillery.
   591 | D        | Found a roughly hewn altar of Beogh.
   591 | D        | Found Qedoimm's Distillery.
   603 | D        | Reached skill level 1 in Stealth
   608 | D        | Received a gift from Trog
   608 | D        | Arena points: 160 (+96) [x3]
   630 | D        | Bought a +0 troll leather armour for 180 gold pieces
   661 | D        | Round 5.
   661 | D        | Noticed the 27-headed Lernaean hydra
   677 | D        | HP: 3/88 [the 27-headed Lernaean hydra (5)]
   677 | D        | Mangled by the 27-headed Lernaean hydra

Levels and vault maps discovered:
D:        arena_sprint

Skill      XL: |  1  2  3  4  5  6  7  8 |
---------------+-------------------------+-----
Axes           | 3 5 6 7 8 9 |  9.4
Armour         | 2 3 4 |  4.4
Dodging        | 2 3 4 5 6 |  6.5
Fighting       | 5 7 9 10 | 10.7
Polearms       | 2 4 6 7 |  7.2
Evocations     | 1 |  1.6
Stealth        | 1 |  1.1

Action                   |  1- 3 |  4- 6 |  7- 9 || total
-------------------------+-------+-------+-------++-------
Melee: Hand axe          |    14 |     4 |       ||    18
       Trident           |       |    39 |    20 ||    59
       Spear             |       |       |    23 ||    23
Invok: Berserk           |     1 |     2 |     1 ||     4
       Trog's Hand       |       |     2 |     1 ||     3
       Brothers in Arms  |       |       |     2 ||     2
 Abil: Evoke Flight      |     1 |       |       ||     1
Evoke: Wand              |       |       |     4 ||     4
  Use: Potion            |     1 |       |       ||     1
  Eat: Chunk             |       |     1 |       ||     1
       Ration            |       |       |     1 ||     1
Armor: Animal skin       |     1 |     2 |       ||     3
Dodge: Dodged            |     8 |    22 |    20 ||    50

Table legend:
 A = Non-vault XP
 B = Vault XP
 C = Vault XP percentage of total XP
 D = Non-vault monster count
 E = Vault monster count
 F = Vault count percentage of total count
                 A         B        C        D         E       F
            +---------+---------+-------+---------+---------+-------
      Total |    1813 |       0 |   0.0 |      22 |       0 |   0.0
            +---------+---------+-------+---------+---------+-------
          D |    1813 |       0 |   0.0 |      22 |       0 |   0.0
            +---------+---------+-------+---------+---------+-------
